 Dungeon Crawl Stone Soup version 0.17-a0-1435-geafbe2f (webtiles) character file.

45 pulse the Covered (level 3, 0/29 HPs)
             Began as a Human Fighter on June 26, 2015.
             Slain by Grinder (5 damage)
             ... on level 3 of the Dungeon.
             The game lasted 00:03:25 (1204 turns).

pulse the Covered (Human Fighter)                   Turns: 1204, Time: 00:03:25

Health: 0/29       AC:  6    Str: 17    XL:     3   Next: 90%
Magic:  3/3        EV:  7    Int:  8    God:
Gold:   62         SH: 10    Dex: 12    Spells: 0 memorised, 2 levels left

rFire  . . .     SeeInvis .     r - +1 spear (freeze)
rCold  . . .     Clarity  .     b - +0 scale mail
rNeg   . . .     SustAt   .     c - +1 shield
rPois  .         Gourm    .     (no helmet)
rElec  .         Spirit   .     (no cloak)
rCorr  .         Warding  .     (no gloves)
rMut   +         Stasis   .     (no boots)
MR     .....                    u - amulet of resist mutation
Stlth  ..........               (no ring)
                                (no ring)

@: not resistant to hostile enchantments, extremely unstealthy
A: no striking features
a: no special abilities


You were on level 3 of the Dungeon.
You were not hungry.

You visited 1 branch of the dungeon, and saw 3 of its levels.

You collected 62 gold pieces.

Inventory:

Hand weapons
 a - a +0 war axe
 r - a +1 spear of freezing (weapon)
Armour
 b - a +0 scale mail (worn)
 c - a +1 shield (worn)
Jewellery
 u - an amulet of resist mutation (around neck)
Scrolls
 g - a scroll of enchant weapon {unknown}
 i - 2 scrolls of magic mapping
 n - a scroll of remove curse
 o - a scroll of fog {unknown}
 p - 2 scrolls of random uselessness {unknown}
 q - a scroll of recharging {unknown}
 s - a scroll of noise {unknown}
 v - a scroll of teleportation
 w - a scroll of immolation {unknown}
Potions
 d - a potion of might
 f - 2 potions of brilliance
 h - a potion of curing
 k - a potion of flight
 l - a potion of magic {unknown}
 t - a potion of heal wounds {unknown}
Comestibles
 e - 3 bread rations
 m - a meat ration


   Skills:
 + Level 3.3 Fighting
 * Level 2.6 Axes
 + Level 3.4 Armour
 + Level 3.4 Shields


You had 2 spell levels left.
You didn't know any spells.

Dungeon Overview and Level Annotations

Branches:
Dungeon (3/15)

Altars:

Annotations:
D:3 Grinder


Message History

Attack whom?
Press: ? - help, Dir - move target cursor, f/p - Grinder
Aim: Grinder (lightly wounded)
You reach to attack!
You hit Grinder.
Grinder is lightly wounded.
You feel sick.
You hit Grinder.
Grinder is lightly wounded.
* * * LOW HITPOINT WARNING * * *
You feel sick.
The kobold shoots a poisoned needle.
The poisoned needle completely misses you.
Grinder says, "Don't move a muscle."
You block Grinder's attack.
The kobold shoots a poisoned needle.
You block the poisoned needle.
You feel better. Grinder hits you.
You writhe in agony.
* * * LOW HITPOINT WARNING * * *
Grinder hits you.
* * * LOW HITPOINT WARNING * * *
You writhe in agony.
You die...

***,,****,,,,,* ##.......# *
*,,*,,,,,,,,* #.......# *
**,,,**,,,,,* ##......#
*,****,,,,,* #......# * *,,*
*,,,,,*####......# **
**,***,,,,,*#.........# ,*
*,,,,,***,*#.##(..#### ,*
***,,,,**,*#.##(###
,*****,,,..##.##@((.# *****
,,**,,,,,...!..5((.##**,,>*
,,,,,,,,,...#.#..†.......**
,,,,,**,,,,........###.##*
*,,,**,,,.......#### *,*
*,,,,,,,,..#.##.* #.*
,,,,,,,**.#K.*#.***###.*
,,*,,,***...**.!,,,....#######
,,,,,,***.#***..,*,,.........#


You could see Grinder and a kobold.

Vanquished Creatures
  An adder (D:2)
  A worm (D:2)
  A giant gecko (D:2)
  10 goblins
  A hobgoblin (D:1)
  2 jackals (D:3)
  5 kobolds
  A ball python (D:3)
  4 bats
  A giant cockroach (D:2)
  A giant newt (D:2)
  A quokka (D:2)
  3 rats
32 creatures vanquished.

Notes
Turn   | Place    | Note
--------------------------------------------------------------
     0 | D:1      | pulse the Human Fighter began the quest for the Orb.
     0 | D:1      | Reached XP level 1. HP: 18/18 MP: 1/1
   217 | D:1      | Reached XP level 2. HP: 18/24 MP: 2/2
   659 | D:2      | Reached XP level 3. HP: 29/29 MP: 3/3
  1191 | D:3      | Noticed Grinder
  1194 | D:3      | Paralysed by Grinder for 4 turns
  1204 | D:3      | Slain by Grinder

Vault maps used:
D:1:      dpeg_arrival_rhombi
D:3:      uniq_crazy_yiuf_cottage, uniq_grinder

Action                   || total
-------------------------++-------
Melee: War axe           ||    50
       Spear             ||    44
  Use: Scroll            ||     7
       Potion            ||     1
  Eat: Chunk             ||     1
